 Dungeon Crawl Stone Soup version 0.20-a0-623-gaf3b657 (webtiles) character file.

26134 MirrMurr the Whirler (level 12, -16/64 HPs)
             Began as a Spriggan Berserker on Feb 10, 2017.
             Was a High Priest of Trog.
             Demolished by mora's ghost (38 damage)
             ... on level 2 of the Lair of Beasts.
             The game lasted 01:13:53 (21901 turns).

MirrMurr the Whirler (Spriggan Berserker)          Turns: 21901, Time: 01:13:55

Health: -16/64     AC:  9    Str: 15    XL:     12   Next: 95%
Magic:  13/13      EV: 30    Int: 10    God:    Trog [*****.]
Gold:   854        SH:  7    Dex: 17    Spells: 11/11 levels left

rFire    + . .     SeeInvis +   Q - +1 falchion (holy)
rCold    + . .     Gourm    .   o - +4 robe of Nimoh {rF+ rN+ rCorr}
rNeg     + . .     Faith    .   R - +2 buckler {rPois}
rPois    +         Spirit   .   t - +1 hat
rElec    .         Reflect  .   q - +1 cloak
rCorr    +         Harm     .   (gloves unavailable)
MR       ++...                  (boots unavailable)
Stlth    +++++.....             (no amulet)
Regen    0.2/turn               y - ring of protection from cold
                                e - ring of flight

@: exhausted, slowed, quick
A: unfitting armour, see invisible, herbivore 3, speed 3, slow metabolism 2
a: Berserk, Trog's Hand, Brothers in Arms, Burn Spellbooks, Renounce Religion,
Evoke Flight


You were on level 2 of the Lair of Beasts.
You worshipped Trog.
Trog was extremely pleased with you.
You were not hungry.

You visited 2 branches of the dungeon, and saw 15 of its levels.
You also visited: Labyrinth.

You collected 934 gold pieces.
You spent 80 gold pieces at shops.

Inventory:

Hand Weapons
 a - a +1 hunting sling
 b - a +1 short sword of venom
 Q - a +1 falchion of holy wrath (weapon)
Missiles
 d - 344 stones (quivered)
 l - 41 poisoned needles
 m - 45 sling bullets
 v - a throwing net
Armour
 o - the +4 robe of Nimoh (worn) {rF+ rN+ rCorr}
   (You found it on level 8 of the Dungeon)

   It protects you from fire.
   It protects you from negative energy.
   It protects you from acid and corrosion.
 q - a +1 cloak (worn)
 t - a +1 hat (worn)
 R - a +2 buckler of poison resistance (worn)
Jewellery
 e - a ring of flight (left hand)
 y - a ring of protection from cold (right hand)
 B - an uncursed ring of protection from cold
 H - an uncursed ring of fire
Wands
 C - a wand of paralysis (16/24)
 D - a wand of confusion (26/48)
 G - a wand of paralysis (8/24)
 J - a wand of polymorph (14/24)
 K - a wand of digging (7/24)
 L - a wand of flame (21/48)
Scrolls
 f - 2 scrolls of recharging
 i - a scroll of brand weapon {unknown}
 j - 3 scrolls of magic mapping
 n - 3 scrolls of fear
 p - 2 scrolls of teleportation
 r - 8 scrolls of remove curse
 I - a scroll of identify
 O - 2 scrolls of fog
Potions
 g - 5 potions of might
 k - 4 potions of curing
 s - 2 potions of haste
 u - 3 potions of brilliance
 w - a potion of ambrosia
 x - a potion of cancellation
 z - 4 potions of heal wounds
 A - 2 potions of invisibility
 E - a potion of resistance
 M - 4 potions of flight
Miscellaneous
 T - a lightning rod (4/4)
Comestibles
 c - 3 bread rations
 h - 42 fruits
 F - 7 royal jellies


   Skills:
 * Level 8.1 Fighting
 + Level 9.6 Short Blades
 + Level 15.4 Slings
 - Level 14.7 Dodging
 - Level 10.3 Stealth


You had 11 spell levels left.
You didn't know any spells.

Dungeon Overview and Level Annotations

Branches:
Dungeon (13/15)            Temple (0/1) D:5            Lair (2/6) D:10
    Orc (0/2) D:11
  Swamp: Lair:2-4    Shoals: Lair:2-4     Snake: Lair:2-4    Spider: Lair:2-4
 Vaults: D:13-14

Altars:
Ashenzari
Sif Muna
Vehumet
Zin
The Shining One

Shops:
D:10 !   D:11 %

Annotations:
D:5 exclusions: 2 slaves and water moccasin
D:11 food
D:13 exclusion: 2 tengu warriors, Frances
Lair:2 mora's ghost, journeyman TrBe


Innate Abilities, Weirdness & Mutations

You are very small and have problems with some larger weapons.
You are too small for most types of armour.
You have supernaturally acute eyesight. (SInv)
You are a herbivore.
You cover ground extremely quickly.
You need consume almost no food.


Message History

You hit mora's ghost but do no damage.
Mora's ghost is moderately damaged.
You barely miss mora's ghost.
Mora's ghost is moderately damaged.
You block mora's ghost's attack.
You hit mora's ghost but do no damage.
Mora's ghost is moderately damaged.
Mora's ghost hits you!!
You closely miss mora's ghost.
Mora's ghost is moderately damaged.
You closely miss mora's ghost.
Mora's ghost is moderately damaged.
Mora's ghost closely misses you.
You barely miss mora's ghost.
Mora's ghost is moderately damaged.
You are no longer berserk.
You are exhausted.
You feel yourself slow down. Mora's ghost hits you!!!
Ouch! That really hurt!
You die...

#.#######..# ###...#.# P..#
#...# #....##.# #.## ##.##
###....#♣.## ..#
####..#####......♣...##P..
P.###.##..###P#.................
#..............♣....P....#.##...
#......####..#............## #
...#..## ####.W.P.......P#
....#..# #..@........## ...##..#
#####♣♣...P....#.#
#...#.####..##.♣....!...##.#.
...#.........|...............
#......##.......P......###.#..
#......##..>..!.#.............
..........##.#<.#<..####.##..
###.#...........#.####.#..#
##............<#..........


You could see mora's ghost.

Vanquished Creatures
  Kirke (D:12)
  Azrael (D:12)
  Snorg (D:11)
  A minotaur (Lab)
  2 hydras
  The ghost of mora the Grappler, a novice TrBe of Trog (D:8)
  3 two-headed ogres
  An unseen horror (D:10)
  A deep elf mage (D:12)
  An oklob plant (D:10)
  A cyclops (D:12)
  A centaur zombie (D:11)
  Psyche (D:12)
  A centaur skeleton (D:7)
  An efreet (D:10)
  2 komodo dragons
  3 trolls
  3 slime creatures (D:12)
  2 dream sheep (D:10)
  5 hippogriffs
  Sigmund (D:5)
  A wraith (D:13)
  2 redbacks (Lab)
  2 wyverns (D:12)
  14 yaks
  A fire elemental (D:12)
  4 vampire mosquitoes (D:12)
  A hungry ghost (D:11)
  Menkaure (D:5)
  A soldier ant (D:12)
  5 water moccasins
  Duvessa (D:6)
  4 hell hounds (D:12)
  3 porcupines
  2 eyes of draining
  2 ice beasts (D:12)
  3 sky beasts
  4 phantoms
  7 orc warriors
  2 necrophages
  7 ogres
  5 wolves
  A centaur (D:10)
  Blork the orc (D:5)
  3 crocodiles
  6 big kobolds
  10 bullfrogs
  A gnoll sergeant (D:8)
  2 wyvern skeletons
  5 scorpions
  Dowan (D:6)
  2 water moccasin skeletons
  2 killer bees (D:8)
  10 howler monkeys
  4 crimson imps
  2 bullfrog zombies (D:10)
  4 jellies
  2 bullfrog skeletons (D:9)
  9 orc priests
  4 hounds
  3 iguanas
  22 orc wizards
  8 worker ants
  2 hound zombies
  2 hound skeletons
  12 gnolls
  14 adders
  A shadow imp (D:12)
  2 adder zombies
  An adder skeleton (D:4)
  5 worms
  A dart slug (D:1)
  3 leopard geckos
  49 orcs
  3 giant cockroaches
  5 goblins
  6 hobgoblins
  9 jackals
  7 kobolds
  7 quokkas
  A ball python (D:2)
  A ball python skeleton (D:3)
  4 bats
  5 frilled lizards
  2 giant cockroach zombies (D:5)
  A jackal zombie (D:5)
  4 rats
  A bush (Lair:2)
  A plant (D:10)
357 creatures vanquished.

Vanquished Creatures (others)
  3 humans (D:12)
3 creatures vanquished.

Grand Total: 360 creatures vanquished

Notes
Turn   | Place    | Note
-------+----------+-------------------------------------------
     0 | D:1      | MirrMurr the Spriggan Berserker began the quest for the Orb.
     0 | D:1      | Reached XP level 1. HP: 11/11 MP: 2/2
   241 | D:1      | Reached skill level 1 in Slings
   241 | D:1      | Reached XP level 2. HP: 14/16 MP: 3/3
   257 | D:1      | Reached skill level 1 in Stealth
   802 | D:1      | Reached skill level 2 in Slings
   802 | D:1      | Reached XP level 3. HP: 13/19 MP: 4/4
  1216 | D:2      | Reached ** piety under Trog
  2266 | D:3      | Reached skill level 3 in Slings
  2597 | D:3      | Reached XP level 4. HP: 23/23 MP: 5/5
  2655 | D:3      | Found a glowing golden altar of the Shining One.
  2813 | D:4      | Found a shattered altar of Ashenzari.
  3000 | D:4      | Reached skill level 4 in Slings
  3000 | D:4      | Reached XP level 5. HP: 27/27 MP: 6/6
  3317 | D:4      | Reached skill level 5 in Slings
  3772 | D:5      | Entered Level 5 of the Dungeon
  3847 | D:5      | Reached XP level 6. HP: 32/32 MP: 7/7
  4013 | D:5      | Reached *** piety under Trog
  4199 | D:5      | Reached skill level 6 in Slings
  4199 | D:5      | Reached skill level 5 in Stealth
  4451 | D:5      | Found a staircase to the Ecumenical Temple.
  4643 | D:5      | Noticed Blork the orc
  4670 | D:5      | Killed Blork the orc
  4670 | D:5      | Reached skill level 7 in Slings
  4670 | D:5      | Reached XP level 7. HP: 23/35 MP: 8/8
  4866 | D:5      | Noticed Sigmund
  4874 | D:5      | Killed Sigmund
  5021 | D:5      | Reached skill level 8 in Slings
  5061 | D:5      | Noticed Menkaure
  5319 | D:6      | Noticed Duvessa
  5322 | D:6      | Noticed Dowan
  5356 | D:5      | Killed Menkaure
  5566 | D:6      | Reached XP level 8. HP: 39/39 MP: 9/9
  5737 | D:6      | Reached skill level 9 in Slings
  6069 | D:6      | Received a gift from Trog
  6370 | D:6      | Reached skill level 10 in Slings
  6880 | D:6      | Killed Dowan
  7126 | D:6      | Killed Duvessa
  7356 | D:7      | Reached skill level 11 in Slings
  7383 | D:7      | Reached skill level 10 in Stealth
  7383 | D:7      | Reached XP level 9. HP: 40/43 MP: 10/10
  7798 | D:7      | Reached skill level 5 in Dodging
  7879 | D:7      | Reached skill level 12 in Slings
  8495 | D:7      | Reached **** piety under Trog
  8548 | D:7      | Received a gift from Trog
  8639 | D:8      | Got a transparent robe
  8650 | D:8      | Identified the +4 robe of Nimoh {rF+ rN+ rCorr} (You found it on level 8 of the Dungeon)
  8651 | D:8      | sweeeeeeeeeet
  8665 | D:8      | Noticed mora's ghost (novice TrBe)
  8849 | D:8      | Killed mora's ghost
  9057 | D:8      | Reached skill level 13 in Slings
  9119 | D:8      | Noticed a two-headed ogre
  9133 | D:8      | Killed a two-headed ogre
  9133 | D:8      | Reached XP level 10. HP: 47/47 MP: 11/11
 10167 | D:9      | Received a gift from Trog
 10194 | D:9      | Reached skill level 10 in Dodging
 10472 | D:9      | Reached skill level 5 in Short Blades
 11071 | D:10     | Entered Level 10 of the Dungeon
 11084 | D:10     | Found a glowing silver altar of Zin.
 11162 | D:10     | Found a staircase to the Lair.
 11167 | D:10     | Noticed an oklob plant
 11562 | D:10     | Found Fiajir's Distillery.
 11589 | D:10     | Bought a potion of invisibility for 80 gold pieces
 11908 | D:10     | Noticed a three-headed hydra
 11977 | D:10     | Killed a three-headed hydra
 11977 | D:10     | Reached XP level 11. HP: 51/51 MP: 12/12
 12162 | D:10     | Noticed an unseen horror
 12177 | D:10     | Killed an unseen horror
 12177 | D:10     | Reached skill level 14 in Slings
 12774 | D:10     | Found a radiant altar of Vehumet.
 13389 | D:11     | Found a staircase to the Orcish Mines.
 13396 | D:11     | Found Sepigoan's Food Shoppe.
 14432 | D:11     | Found a deep blue altar of Sif Muna.
 14802 | D:12     | Noticed a five-headed hydra
 14816 | D:12     | Noticed Snorg
 14887 | D:11     | Killed Snorg
 15343 | D:12     | Noticed Kirke
 15382 | D:12     | Killed Kirke
 15382 | D:12     | Received a gift from Trog
 15569 | D:12     | Noticed Azrael
 15760 | D:12     | Killed Azrael
 15760 | D:12     | Reached skill level 5 in Fighting
 16288 | D:12     | Noticed a deep elf mage
 16335 | D:12     | Noticed Psyche
 16353 | D:12     | Killed a deep elf mage
 16355 | D:12     | Reached XP level 12. HP: 60/60 MP: 13/13
 16380 | D:12     | Killed Psyche
 16752 | D:12     | Noticed a two-headed ogre
 16798 | D:12     | Killed a two-headed ogre
 16979 | D:12     | Received a gift from Trog
 18384 | D:13     | Noticed a two-headed ogre
 18443 | D:13     | Killed a two-headed ogre
 18443 | D:13     | Reached skill level 15 in Slings
 18514 | D:13     | Noticed a six-headed hydra
 18528 | D:13     | Noticed a tengu warrior
 18533 | D:13     | Noticed a tengu warrior
 18662 | D:13     | Received a gift from Trog
 18682 | D:13     | Noticed Frances
 19222 | Lair:1   | Entered Level 1 of the Lair of Beasts
 19597 | Lair:1   | Reached ***** piety under Trog
 20074 | Lair:1   | Noticed a four-headed hydra
 20104 | Lair:1   | Killed a four-headed hydra
 20728 | Lair:2   | Found a labyrinth entrance.
 20755 | Lab      | Entered a labyrinth
 21283 | Lab      | Noticed a minotaur
 21340 | Lab      | Killed a minotaur
 21717 | Lair:2   | Noticed mora's ghost (journeyman TrBe)
 21901 | Lair:2   | Demolished by mora's ghost

Vault maps used:
D:1:      minmay_arrival_stone_box, interstate_on_off
D:2:      first_bread, guppyfry_early_lair_pool
D:3:      minmay_misc_feat_pillars, hangedman_abyss_or_decor_lesser_grid,
          nicolae_tso_swordbearing_angel
D:4:      serial_bayou_pond_a, supply_closet_lemuel, roderic_lattice_a,
          ashenzari_altar_1
D:5:      minmay_temple_entry_glassed_door, uniq_blork_the_orc, uniq_sigmund,
          uniq_menkaure, uniq_pikel
D:6:      uniq_duvessa
D:10:     dpeg_oklobed_lair, serial_shops, shop, basic_altar, hangedman_ranch,
          minivault_1, minmay_misc_feat_tower, minmay_ruined_shrine
D:11:     david_orc_3, serial_shops, shop, lemuel_blue_sif_altar
D:12:     stair_cage_line, grunt_ministairs_6, uniq_kirke, uniq_psyche,
          uniq_azrael, uniq_snorg
D:13:     uniq_urug, uniq_frances
Lair:2:   lab_entry_generic, grunt_forest_small_clearings
Lab:      labyrinth_spiral, labyrinth_glass_1, nicolae_lab_checkerboard,
          nicolae_lab_grate, labyrinth_lava_lair

Skill      XL: |  1  2  3  4  5  6  7  8  9 10 11 12 |
---------------+-------------------------------------+-----
Slings         | 1 2 3 4 5 7 8 11 13 14 15 | 15.4
Stealth        | 1 2 3 4 6 7 10 | 10.3
Dodging        | 9 12 14 | 14.7
Short Blades   | 4 6 8 9 |  9.6
Fighting       | 5 8 |  8.1

Action                   |  1- 3 |  4- 6 |  7- 9 | 10-12 || total
-------------------------+-------+-------+-------+-------++-------
Melee: Short sword       |    11 |       |     7 |   150 ||   168
       Falchion          |       |       |       |    17 ||    17
 Fire: Hunting sling     |   139 |   208 |   616 |  1789 ||  2752
Invok: Berserk           |       |       |     1 |     5 ||     6
       Trog's Hand       |       |       |     2 |     8 ||    10
       Burn Spellbooks   |       |       |       |     1 ||     1
Evoke: Wand              |       |       |       |     2 ||     2
  Use: Scroll            |     9 |     3 |     5 |    14 ||    31
       Potion            |       |       |       |     2 ||     2
 Stab: Invisible         |       |       |       |     2 ||     2
       Sleeping          |       |       |       |     2 ||     2
  Eat: Bread ration      |       |       |     1 |     2 ||     3
       Royal jelly       |       |       |     1 |     1 ||     2
       Fruit             |       |       |       |     2 ||     2
Armor: Robe              |     5 |     3 |    10 |    23 ||    41
Dodge: Dodged            |    38 |    48 |   102 |   331 ||   519
Block: Buckler           |       |       |     8 |    77 ||    85
       Rpst.: Falchion   |       |       |       |     2 ||     2
